General information
- name: BNet
- type: Ladder team game (AT/RT)
- host: Battle.net
- saver: nascar-lad
map: DragonFalls
- players: 8
- length: 27:03
- speed: Fast
- version: 1.26 W3XP
- replay type: Public
» download(155 KB)
Players
team 1 (loser)

»
Snookies_Snatch (
yellow | 39 APM | 642 actions | 16:32)
3 Death Knight
2 Death Coil
1 Unholy Aura
1 Lich
1 Frost Nova
» actions
| Build / train | 46 | |
| Enter build submenu | 21 | |
| Enter hero's abilities submenu | 4 | |
| Give item / drop item | 1 | |
| Remove unit from queue | 1 | |
| Right click | 355 | |
| Select / deselect | 177 | |
| Use ability | 37 | |
642 total
» units
| Acolyte | 15 | |
| Ghoul | 7 | |
| Crypt Fiend | 4 | |
| Frost Wyrm | 2 | |
28 total
» upgrades
» buildings
| Graveyard | 1 | |
| Crypt | 1 | |
| Ziggurat | 10 | |
| Altar of Darkness | 1 | |
| Tomb of Relics | 2 | |
| Nerubian Tower | 2 | |
| Spirit Tower | 4 | |
| Halls of the Dead | 1 | |
| Necropolis | 1 | |
| Sacrificial Pit | 1 | |
| Black Citadel | 1 | |
| Boneyard | 2 | |
27 total
» build order
00:12 Graveyard
00:15 Crypt
00:42 Ziggurat
01:02 Altar of Darkness
01:29 Ziggurat
01:55 Tomb of Relics
03:26 Nerubian Tower
03:31 Ziggurat
03:48 Spirit Tower
04:34 Halls of the Dead
05:13 Necropolis
06:07 Spirit Tower
07:06 Sacrificial Pit
07:15 Black Citadel
08:10 Ziggurat
08:14 Ziggurat
08:17 Ziggurat
09:56 Ziggurat
10:02 Ziggurat
10:04 Ziggurat
10:06 Ziggurat
10:14 Tomb of Relics
10:46 Boneyard
11:03 Boneyard
11:09 Nerubian Tower
11:11 Spirit Tower
12:01 Spirit Tower
» items
| Rod of Necromancy | 1 | |
| Dust of Appearance | 1 | |
2 total
nascar-lad (
pink | 60 APM | 1610 actions | 27:03)
6 Archmage
2 Summon Water Elemental
2 Brilliance Aura
2 Blizzard
» actions
| Assign group hotkey | 36 | |
| Basic commands | 11 | |
| Build / train | 72 | |
| Enter build submenu | 23 | |
| Enter hero's abilities submenu | 7 | |
| Give item / drop item | 6 | |
| Remove unit from queue | 6 | |
| Right click | 596 | |
| Select / deselect | 249 | |
| Select group hotkey | 481 | |
| Use ability | 123 | |
1610 total
» units
| Peasant | 13 | |
| Footman | 3 | |
| Goblin Shredder | 2 | |
| Goblin Zeppelin | 1 | |
| Gryphon Rider | 4 | |
| Acolyte | 2 | |
25 total
» upgrades
| Masonry | 3 | |
| Lumber Harvesting | 0 | |
| Animal War Training | 1 | |
| Swords | 2 | |
| Armor | 2 | |
| Storm Hammers | 1 | |
9 total
» buildings
| Altar of Kings | 1 | |
| Barracks | 1 | |
| Farm | 10 | |
| Scout Tower | 26 | |
| Arcane Tower | 2 | |
| Lumber Mill | 2 | |
| Arcane Vault | 1 | |
| Town Hall | 2 | |
| Keep | 1 | |
| Guard Tower | 8 | |
| Gryphon Aviary | 3 | |
| Castle | 1 | |
| Blacksmith | 1 | |
59 total
» build order
00:07 Altar of Kings
00:20 Barracks
00:36 Farm
00:51 Farm
01:34 Farm
01:39 Scout Tower
02:16 Arcane Tower
02:24 Lumber Mill
02:44 Arcane Vault
03:33 Farm
03:48 Town Hall
03:55 Scout Tower
04:11 Arcane Tower
05:20 Scout Tower
05:20 Scout Tower
05:20 Scout Tower
05:21 Scout Tower
05:57 Keep
06:54 Guard Tower
07:22 Scout Tower
07:23 Scout Tower
07:23 Scout Tower
07:24 Scout Tower
07:25 Scout Tower
07:26 Scout Tower
07:51 Lumber Mill
08:00 Guard Tower
08:01 Guard Tower
08:24 Guard Tower
08:38 Gryphon Aviary
08:41 Castle
08:57 Gryphon Aviary
09:28 Gryphon Aviary
10:06 Blacksmith
10:22 Scout Tower
10:23 Scout Tower
10:25 Scout Tower
10:54 Guard Tower
10:59 Farm
10:59 Farm
10:59 Farm
11:28 Guard Tower
12:17 Guard Tower
13:11 Farm
13:11 Farm
13:11 Farm
15:14 Town Hall
22:07 Scout Tower
22:08 Scout Tower
22:08 Scout Tower
22:08 Scout Tower
22:09 Scout Tower
22:09 Scout Tower
22:09 Scout Tower
22:12 Scout Tower
22:13 Scout Tower
22:13 Scout Tower
22:13 Scout Tower
24:32 Guard Tower
» items
| Scroll of Regeneration | 3 | |
| Scroll of Town Portal | 3 | |
| Staff of Teleportation | 1 | |
| Tome of Retraining | 1 | |
| Scroll of Healing | 2 | |
| Staff of Sanctuary | 1 | |
11 total
Heyclown (
purple | 48 APM | 603 actions | 12:30)
2 Death Knight
1 Death Coil
1 Unholy Aura
» actions
| Assign group hotkey | 35 | |
| Build / train | 40 | |
| ESC pressed | 1 | |
| Enter build submenu | 13 | |
| Enter hero's abilities submenu | 2 | |
| Remove unit from queue | 1 | |
| Right click | 163 | |
| Select / deselect | 166 | |
| Select group hotkey | 152 | |
| Use ability | 30 | |
603 total
» units
| Acolyte | 11 | |
| Ghoul | 5 | |
| Crypt Fiend | 5 | |
| Obsidian Statue | 4 | |
25 total
» upgrades
| Creature Attack | 1 | |
| Creature Carapace | 1 | |
| Web | 1 | |
3 total
» buildings
| Graveyard | 1 | |
| Ziggurat | 6 | |
| Altar of Darkness | 1 | |
| Crypt | 2 | |
| Nerubian Tower | 1 | |
| Tomb of Relics | 1 | |
| Spirit Tower | 4 | |
| Halls of the Dead | 1 | |
| Slaughterhouse | 1 | |
| Sacrificial Pit | 1 | |
19 total
» build order
00:16 Graveyard
00:30 Ziggurat
00:48 Altar of Darkness
01:02 Crypt
01:23 Nerubian Tower
01:49 Ziggurat
02:41 Tomb of Relics
03:01 Spirit Tower
04:38 Halls of the Dead
05:43 Ziggurat
07:05 Crypt
07:32 Slaughterhouse
07:35 Sacrificial Pit
07:39 Spirit Tower
07:44 Ziggurat
08:51 Spirit Tower
09:43 Ziggurat
09:49 Ziggurat
11:20 Spirit Tower
» items
| Dust of Appearance | 1 | |
| Rod of Necromancy | 1 | |
2 total
TheKingSlayer89 (
teal | 31 APM | 716 actions | 22:53)
2 Mountain King
1 Storm Bolt
1 Bash
1 Death Knight
1 Unholy Aura
» actions
| Assign group hotkey | 59 | |
| Basic commands | 18 | |
| Build / train | 51 | |
| Enter build submenu | 25 | |
| Enter hero's abilities submenu | 3 | |
| Right click | 313 | |
| Select / deselect | 188 | |
| Select group hotkey | 29 | |
| Use ability | 30 | |
716 total
» units
| Peasant | 12 | |
| Footman | 12 | |
| Gryphon Rider | 4 | |
| Knight | 2 | |
| Crypt Fiend | 1 | |
31 total
» upgrades
| Defend | 1 | |
| Swords | 1 | |
| Lumber Harvesting | 2 | |
| Masonry | 1 | |
| Armor | 1 | |
| Animal War Training | 1 | |
| Storm Hammers | 1 | |
8 total
» buildings
| Altar of Kings | 1 | |
| Farm | 8 | |
| Barracks | 1 | |
| Scout Tower | 5 | |
| Lumber Mill | 1 | |
| Keep | 1 | |
| Guard Tower | 5 | |
| Arcane Vault | 1 | |
| Blacksmith | 1 | |
| Castle | 1 | |
| Gryphon Aviary | 2 | |
27 total
» build order
00:10 Altar of Kings
00:15 Farm
00:27 Barracks
00:56 Farm
02:09 Farm
03:06 Farm
03:52 Scout Tower
03:59 Scout Tower
04:05 Scout Tower
04:15 Scout Tower
04:32 Lumber Mill
04:52 Keep
04:59 Guard Tower
05:01 Guard Tower
05:14 Guard Tower
05:26 Guard Tower
06:21 Farm
06:25 Scout Tower
06:30 Arcane Vault
06:53 Blacksmith
07:09 Guard Tower
07:19 Farm
07:39 Castle
08:32 Gryphon Aviary
09:41 Gryphon Aviary
10:14 Farm
11:06 Farm
» items
team 2 (winner)
TheWildBunch (
green | 45 APM | 1227 actions | 27:03)
6 Blademaster
3 Wind Walk
2 Critical Strike
1 Bladestorm
» actions
| Assign group hotkey | 26 | |
| Basic commands | 17 | |
| Build / train | 64 | |
| Enter build submenu | 38 | |
| Enter hero's abilities submenu | 6 | |
| Give item / drop item | 6 | |
| Right click | 574 | |
| Select / deselect | 278 | |
| Select group hotkey | 124 | |
| Use ability | 94 | |
1227 total
» units
| Peon | 10 | |
| Grunt | 4 | |
| Goblin Shredder | 1 | |
| Wind Rider | 4 | |
| Goblin Sapper | 2 | |
| Goblin Zeppelin | 1 | |
| Green Dragon | 6 | |
28 total
» upgrades
| Ranged Weapons | 3 | |
| Reinforced Defenses | 1 | |
| Armor | 2 | |
| Envenomed Spears | 1 | |
7 total
» buildings
| Orc Burrow | 4 | |
| Altar of Storms | 1 | |
| Barracks | 1 | |
| Voodoo Lounge | 1 | |
| Stronghold | 4 | |
| Great Hall | 2 | |
| War Mill | 1 | |
| Beastiary | 2 | |
| Watch Tower | 25 | |
| Fortress | 1 | |
42 total
» build order
00:12 Orc Burrow
00:51 Altar of Storms
00:53 Barracks
01:11 Orc Burrow
02:12 Voodoo Lounge
02:50 Stronghold
02:50 Stronghold
02:51 Stronghold
02:51 Stronghold
04:14 Great Hall
04:32 War Mill
05:04 Orc Burrow
05:57 Beastiary
06:00 Beastiary
06:12 Watch Tower
07:06 Watch Tower
07:11 Watch Tower
08:46 Watch Tower
09:58 Watch Tower
10:00 Watch Tower
10:02 Watch Tower
10:11 Watch Tower
10:14 Watch Tower
10:19 Watch Tower
10:21 Watch Tower
10:29 Watch Tower
10:32 Watch Tower
10:34 Watch Tower
11:07 Fortress
11:23 Watch Tower
17:27 Orc Burrow
17:41 Great Hall
17:43 Watch Tower
17:43 Watch Tower
17:44 Watch Tower
17:44 Watch Tower
17:46 Watch Tower
17:46 Watch Tower
17:47 Watch Tower
17:48 Watch Tower
21:45 Watch Tower
21:52 Watch Tower
» items
| Healing Salve | 4 | |
| Lesser Clarity Potion | 4 | |
| Orb of Lightning | 1 | |
| Potion of Healing | 2 | |
| Potion of Mana | 3 | |
| Periapt of Vitality | 1 | |
| Staff of Teleportation | 1 | |
| Scroll of Town Portal | 1 | |
17 total
FU.CKSHlTUP (
orange | 94 APM | 2542 actions | 27:03)
5 Blood Mage
3 Flame Strike
2 Siphon Mana
» actions
| Assign group hotkey | 87 | |
| Basic commands | 44 | |
| Build / train | 196 | |
| ESC pressed | 25 | |
| Enter build submenu | 47 | |
| Enter hero's abilities submenu | 5 | |
| Give item / drop item | 3 | |
| Right click | 918 | |
| Select / deselect | 397 | |
| Select group hotkey | 650 | |
| Use ability | 168 | |
2542 total
» units
| Peasant | 18 | |
| Footman | 3 | |
| Goblin Shredder | 2 | |
| Goblin Zeppelin | 6 | |
| Sorceress | 1 | |
| Goblin Sapper | 2 | |
| Dragonhawk Rider | 1 | |
| Gryphon Rider | 2 | |
| Siege Engine | 11 | |
46 total
» upgrades
| Lumber Harvesting | 2 | |
| Sorceress Training | 2 | |
| Masonry | 4 | |
| Magic Sentry | 1 | |
| Swords | 3 | |
| Armor | 3 | |
| Animal War Training | 2 | |
| Storm Hammers | 1 | |
| Cloud | 1 | |
| Gunpowder | 3 | |
| Plating | 3 | |
| Spiked Barricades | 1 | |
| Barrage | 1 | |
| Backpack | 1 | |
| Priest Training | 1 | |
29 total
» buildings
| Altar of Kings | 1 | |
| Barracks | 1 | |
| Farm | 8 | |
| Arcane Vault | 1 | |
| Town Hall | 2 | |
| Scout Tower | 17 | |
| Keep | 3 | |
| Lumber Mill | 1 | |
| Guard Tower | 37 | |
| Arcane Sanctum | 1 | |
| Castle | 4 | |
| Gryphon Aviary | 6 | |
| Blacksmith | 2 | |
| Workshop | 4 | |
88 total
» build order
00:55 Altar of Kings
00:58 Barracks
00:59 Farm
01:06 Farm
01:13 Farm
01:51 Arcane Vault
02:45 Farm
04:04 Town Hall
04:13 Scout Tower
04:14 Scout Tower
04:16 Scout Tower
04:18 Scout Tower
04:23 Scout Tower
04:27 Keep
04:27 Keep
04:51 Lumber Mill
06:46 Scout Tower
06:47 Scout Tower
06:51 Scout Tower
06:52 Scout Tower
06:53 Scout Tower
06:54 Scout Tower
07:17 Guard Tower
07:18 Guard Tower
07:20 Guard Tower
07:21 Guard Tower
07:23 Guard Tower
07:23 Guard Tower
07:39 Town Hall
07:53 Scout Tower
07:57 Scout Tower
08:23 Guard Tower
08:26 Scout Tower
08:35 Scout Tower
08:53 Guard Tower
08:53 Guard Tower
08:53 Guard Tower
08:54 Guard Tower
08:54 Guard Tower
09:27 Guard Tower
09:27 Guard Tower
09:27 Guard Tower
09:30 Scout Tower
09:32 Scout Tower
10:16 Arcane Sanctum
10:25 Guard Tower
10:25 Guard Tower
10:30 Guard Tower
10:30 Guard Tower
12:01 Guard Tower
12:01 Guard Tower
12:43 Castle
12:43 Castle
12:44 Castle
12:54 Guard Tower
12:54 Guard Tower
13:50 Gryphon Aviary
13:53 Gryphon Aviary
13:57 Gryphon Aviary
14:02 Blacksmith
14:04 Blacksmith
19:06 Guard Tower
20:07 Gryphon Aviary
21:37 Farm
21:38 Farm
21:39 Farm
21:41 Farm
22:03 Gryphon Aviary
22:09 Gryphon Aviary
22:58 Workshop
22:59 Workshop
23:01 Workshop
23:02 Workshop
» items
| Scroll of Regeneration | 8 | |
| Lesser Clarity Potion | 6 | |
| Potion of Invisibility | 3 | |
| Staff of Teleportation | 1 | |
| Boots of Speed | 1 | |
| Scroll of Town Portal | 3 | |
| Potion of Healing | 1 | |
| Potion of Mana | 1 | |
| Staff of Sanctuary | 1 | |
25 total

»
KillahCDN (
red | 34 APM | 862 actions | 25:31)
5 Far Seer
3 Feral Spirit
2 Chain Lighting
3 Shadow Hunter
2 Healing Wave
1 Serpent Ward
» actions
| Assign group hotkey | 12 | |
| Basic commands | 11 | |
| Build / train | 65 | |
| Enter build submenu | 31 | |
| Enter hero's abilities submenu | 8 | |
| Give item / drop item | 3 | |
| Right click | 283 | |
| Select / deselect | 227 | |
| Select group hotkey | 165 | |
| Use ability | 57 | |
862 total
» units
| Peon | 12 | |
| Grunt | 7 | |
| Goblin Sapper | 1 | |
| Goblin Zeppelin | 1 | |
| Tauren | 4 | |
| Green Drake | 1 | |
| Green Dragon Whelp | 1 | |
| Green Dragon | 4 | |
| Shaman | 2 | |
| Troll Batrider | 8 | |
41 total
» upgrades
| Melee Weapons | 1 | |
| Shaman Training | 2 | |
3 total
» buildings
| Barracks | 1 | |
| Orc Burrow | 13 | |
| Altar of Storms | 1 | |
| Voodoo Lounge | 1 | |
| Stronghold | 1 | |
| War Mill | 2 | |
| Great Hall | 1 | |
| Fortress | 1 | |
| Spirit Lodge | 1 | |
| Tauren Totem | 1 | |
| Watch Tower | 3 | |
26 total
» build order
00:08 Barracks
00:11 Orc Burrow
00:57 Altar of Storms
02:15 Orc Burrow
03:20 Voodoo Lounge
04:34 Stronghold
04:37 Orc Burrow
05:11 War Mill
05:35 Orc Burrow
07:48 Great Hall
09:26 Fortress
10:16 Spirit Lodge
10:24 Orc Burrow
10:32 Orc Burrow
11:53 Tauren Totem
13:37 Orc Burrow
17:18 Orc Burrow
17:23 Watch Tower
17:27 Watch Tower
18:58 Orc Burrow
19:02 Orc Burrow
20:30 Orc Burrow
20:32 Orc Burrow
21:49 War Mill
21:54 Watch Tower
22:33 Orc Burrow
» items
| Lesser Clarity Potion | 1 | |
| Healing Salve | 1 | |
| Orb of Lightning | 2 | |
| Scroll of Town Portal | 2 | |
| Scroll of Speed | 2 | |
| Tiny Great Hall | 1 | |
9 total
yusomadg (
blue | 57 APM | 1320 actions | 23:03)
4 Blademaster
1 Wind Walk
2 Critical Strike
1 Mirror Image
» actions
| Assign group hotkey | 36 | |
| Basic commands | 8 | |
| Build / train | 73 | |
| ESC pressed | 2 | |
| Enter build submenu | 18 | |
| Enter hero's abilities submenu | 4 | |
| Give item / drop item | 1 | |
| Remove unit from queue | 4 | |
| Right click | 492 | |
| Select / deselect | 180 | |
| Select group hotkey | 385 | |
| Use ability | 117 | |
1320 total
» units
| Peon | 10 | |
| Troll Batrider | 38 | |
| Goblin Shredder | 2 | |
50 total
» upgrades
| Ranged Weapons | 2 | |
| Liquid Fire | 1 | |
3 total
» buildings
| Altar of Storms | 1 | |
| Orc Burrow | 8 | |
| War Mill | 2 | |
| Voodoo Lounge | 1 | |
| Stronghold | 1 | |
| Fortress | 1 | |
| Beastiary | 2 | |
| Great Hall | 1 | |
17 total
» build order
00:03 Altar of Storms
00:22 Orc Burrow
01:01 War Mill
01:13 Orc Burrow
02:02 Voodoo Lounge
02:29 Orc Burrow
02:52 Orc Burrow
04:22 Orc Burrow
04:41 Stronghold
06:50 Orc Burrow
06:54 Orc Burrow
06:57 Orc Burrow
07:44 Fortress
07:52 Beastiary
07:53 Beastiary
11:47 War Mill
20:10 Great Hall
» items
| Healing Salve | 1 | |
| Boots of Speed | 1 | |
| Potion of Lesser Invulnerability | 1 | |
| Potion of Healing | 2 | |
| Potion of Mana | 1 | |
| Orb of Lightning | 2 | |
| Scroll of Town Portal | 1 | |
9 total
Chat log
(00:12 / All) nascar-lad: u cant tell me what ot do
(00:16 / All) nascar-lad: u cant tell me what to do
(00:28 / Allies) Heyclown: makes sense
(00:29 / All) yusomadg: no but we can guide u
(00:29 / All) TheWildBunch: FUCK YOU I WON'T DO WHAT YOU TELL ME
(00:34 / All) TheWildBunch: FUCK YOU I WON'T DO WHAT YOU TELL ME
(00:41 / All) TheWildBunch: MOTHERFUCKER
(00:45 / All) nascar-lad: wut
(00:48 / All) Snookies_Snatch: bulls on perade!!!
(01:25 / All) nascar-lad: i call dragon roosts
(01:31 / All) yusomadg: whats that
(01:35 / All) FU.CKSHlTUP: lol
(01:38 / All) yusomadg: is that
(01:40 / All) yusomadg: a
(01:45 / All) yusomadg: giant dragon nest
(01:50 / All) yusomadg: in which dragons lay eggs?
(01:57 / Allies) nascar-lad: yellow can u help me expo plz?
(01:59 / All) TheWildBunch: aye, looks like it, lad
(01:59 / All) FU.CKSHlTUP: You can hire lvl 10 dragons from it
(02:05 / All) TheWildBunch: thar be dragons that way
(02:05 / Allies) Snookies_Snatch: yex
(02:08 / Allies) nascar-lad: ty
(02:13 / Allies) Snookies_Snatch: can you help me get mine then
(02:20 / Allies) nascar-lad: that?
(02:28 / Allies) nascar-lad: k
(03:00 / All) TheWildBunch: Not every day you meet a new friend like blue
(03:11 / All) yusomadg: i like the color blue too
(03:26 / Allies) TheKingSlayer89: im going air
(03:44 / Allies) TheKingSlayer89: bm
(03:46 / Allies) TheKingSlayer89: inc
(03:51 / Allies) nascar-lad: where
(04:13 / Allies) nascar-lad: coming
(04:14 / All) yusomadg: all day
(04:15 / All) yusomadg: purple\
(06:10 / Allies) Snookies_Snatch: im impressed
(06:27 / All) FU.CKSHlTUP: w sometimes doesn't work to send militia back
(07:20 / Allies) Snookies_Snatch: pink why you tp
(07:31 / Allies) nascar-lad: wanted wood lol
(07:35 / Allies) Snookies_Snatch: lol
(08:22 / Allies) TheKingSlayer89: k
(08:32 / Allies) Snookies_Snatch: hes obv tech
(08:40 / Allies) TheKingSlayer89: wood plz
(09:02 / All) FU.CKSHlTUP: mh
(09:05 / All) nascar-lad: who
(09:16 / All) FU.CKSHlTUP: yellow
(10:16 / Allies) Snookies_Snatch: lumber
(10:17 / Allies) Snookies_Snatch: ?
(10:34 / All) yusomadg: ROFL
(10:41 / All) Heyclown: ? ^^
(10:49 / All) Heyclown: ure making impressive dmg
(10:51 / Allies) Snookies_Snatch: lumber please 100
(10:58 / All) TheWildBunch: HELP IM BEING REPRESSED
(11:49 / Allies) Snookies_Snatch: oj pissing me off
(12:14 / All) nascar-lad: u guys hack or something?
(12:22 / Allies) Heyclown: 100 g pls
(12:23 / All) yusomadg: like
(12:24 / All) yusomadg: trees?
(12:32 / Allies) TheKingSlayer89: meet n hit expo?
(12:40 / All) yusomadg: looks like he had enough
(12:42 / All) yusomadg: of me
(12:51 / Allies) Snookies_Snatch: whos got
(13:32 / All) TheKingSlayer89: u guys are cunts
(13:41 / All) yusomadg: yuso mad g
(14:38 / Allies) TheKingSlayer89: nice pink
(14:38 / All) TheWildBunch: lawl
(14:45 / Allies) TheKingSlayer89: u fag
(14:48 / Allies) nascar-lad: ?
(14:48 / Allies) nascar-lad: wut
(14:59 / All) TheKingSlayer89: nice and a TKer
(15:03 / All) yusomadg: teal i think u have like
(15:08 / All) yusomadg: 3 workers left
(15:10 / All) yusomadg: u should make more
(15:36 / All) TheKingSlayer89: yeah ur good blue
(15:42 / All) yusomadg: thank u
(15:53 / All) TheKingSlayer89: sarcasm fool
(16:14 / Allies) TheKingSlayer89: lol pink
(16:15 / All) Snookies_Snatch: so we got hardcore harass... and a fuckin tker.
(16:19 / All) TheWildBunch: why did they go all out for my base?
(16:22 / Allies) TheKingSlayer89: y bother even playing
(16:30 / All) FU.CKSHlTUP: and a maphacker on your team too to boot
(16:38 / All) nascar-lad: i didnt even do anything lol
(16:41 / All) yusomadg: cause they so bad dam =(
(16:47 / All) KillahCDN: u guys are noobs
(16:54 / Allies) TheKingSlayer89: u know what u did u motherfucker
(16:57 / All) KillahCDN: wawww
(17:14 / All) TheWildBunch: like teal suicided on my bbase why lol
(17:22 / All) TheKingSlayer89: pink killed me
(17:36 / All) TheWildBunch: you weren't getting shit done anyway
(17:44 / Allies) TheKingSlayer89: now ur flying around like a cunt
(17:59 / Allies) TheKingSlayer89: u stuipid fuck fuck u
(18:06 / All) nascar-lad: teal is calling me a fat fuck lol
(18:19 / All) TheWildBunch: How does he know?
(18:25 / All) yusomadg: he stalks u
(18:50 / Allies) TheKingSlayer89: haha pink u fag
(18:52 / All) yusomadg: ROFL
(19:11 / All) yusomadg: YOUR UNITS WENT BUY BUY
(19:12 / All) yusomadg: LIKE ME
(20:24 / All) FU.CKSHlTUP: The king slayer has been SLAIN!
(20:42 / All) TheKingSlayer89: u must be 8 years old..
(20:46 / All) FU.CKSHlTUP: lol
(21:30 / All) nascar-lad: bad boy teal
(21:35 / All) nascar-lad: the witcher 2 sucks
(21:44 / All) yusomadg: my penis is enraged
(22:26 / All) nascar-lad: i need to get a fly swatter this fly is ticking me off
(22:31 / All) nascar-lad: it always is fucking in my room
(22:33 / Allies) TheKingSlayer89: Tking was worth it eh pink
(22:35 / All) FU.CKSHlTUP: I hate summer because of those little fuckers
(23:00 / All) yusomadg: has left the game.
(25:29 / All) nascar-lad: thank u father
(25:33 / All) FU.CKSHlTUP: lol
(25:35 / All) FU.CKSHlTUP: That was fast
(25:38 / All) TheWildBunch: lol
(25:39 / All) FU.CKSHlTUP: probably panned over to his base
(25:42 / All) FU.CKSHlTUP: and saw it dying to tanks
(25:43 / All) FU.CKSHlTUP: and left
(25:49 / All) TheWildBunch: lozl
(25:57 / All) FU.CKSHlTUP: I got no real preference over who loss but yellow may have been mh
(25:58 / All) TheWildBunch: losing dragon is demoralizing
(25:59 / All) FU.CKSHlTUP: if so he needs to lose
(26:05 / All) TheWildBunch: yellow def mh
(26:14 / All) TheWildBunch: He was near my base
(26:16 / All) TheWildBunch: then left
(26:18 / All) TheWildBunch: didn't even scout
(26:21 / All) TheWildBunch: for like 2 minutes
(26:27 / All) FU.CKSHlTUP: He gets the loss then
(26:37 / All) FU.CKSHlTUP: Wow 3/3 upgrades can finish before tanks
(26:39 / All) FU.CKSHlTUP: and 2/2 ones too
(26:45 / All) FU.CKSHlTUP: Didn't realise tanks had such a long build time
(26:57 / All) TheWildBunch: Leave sonavabitch jacob
(26:58 / All) nascar-lad: me leave?
(27:01 / All) FU.CKSHlTUP: yeah
(27:03 / All) FU.CKSHlTUP: yellow loses